 Dungeon Crawl Stone Soup version 0.28.0-53-g5a82cb258f (webtiles) character file.

Game seed: 13977684870433759508

946074 protoss039 the Slayer (level 27, -8/211 (238) HPs)
             Began as a Demonspawn Earth Elementalist on May 30, 2022.
             Was the Champion of Vehumet.
             Killed from afar by a war gargoyle (31 damage)
             ... with a spray of metal splinters
             ... on level 7 of the Iron City of Dis on May 31, 2022.
             The game lasted 07:13:06 (121377 turns).

protoss039 the Slayer (DsEE)                      Turns: 121377, Time: 07:13:07

HP:   -8/211 (238)  AC: 21    Str:  8    XL:     27
MP:   0/61          EV: 13    Int: 37    God:    Vehumet [******]
Gold: 5915          SH: 25    Dex: 24    Spells: 6/74 levels left

rFire   + + +      SeeInvis +   L - +4 trident "Zutamel" {freeze, rN+ Int+4}
rCold   + + .      Faith    .   A - +2 kite shield {AC+3}
rNeg    + + +      Spirit   +   U - +4 moon troll leather armour {Spirit, Regen++ MP+5}
rPois   ∞          Reflect  +   q - -2 hat of the Alchemist {rElec rPois rF+ rC+ rN+ Will+ rMut rCorr}
rElec   +          Harm     .   (cloak unavailable)
rCorr   +          Rampage  .   g - +2 pair of gloves
rMut    +                       w - +2 pair of boots of the Blue Moon {Dex+4}
Will    ++++.                   V - amulet of the Philosopher {Reflect Fragile Int+5 SH+5}
Stlth   +++.......              F - ring of the Cockroach {rPois rF+ Str-2 Dex+5 SInv}
HPRegen 2.05/turn               d - ring of flight
MPRegen 0.74/turn

@: lich-form, flying, studying 3 skills, heavily drained, corroded
A: draining attack, torment immunity, no potions, molten scales 3, augmentation
3, magic shield, magic regeneration, magic link, demonic magic 3, weakness
stinger 3, high MP 1
}: 9/15 runes: serpentine, barnacled, slimy, silver, icy, abyssal, demonic,
magical, dark
a: End Transformation, Renounce Religion


You were on level 7 of the Iron City of Dis.
You worshipped Vehumet.
Vehumet was exalted by your worship.
You were an undead lich.
You visited 16 branches of the dungeon, and saw 74 of its levels.
You visited Pandemonium 3 times, and saw 9 of its levels.
You visited the Abyss 2 times.
You visited 1 bazaar.

You collected 11692 gold pieces.
You spent 5777 gold pieces at shops.

Inventory:

Hand Weapons
 L - the +4 trident "Zutamel" (weapon) {freeze, rN+ Int+4}
   (You took it off a skeletal warrior on level 3 of the Crypt)

   It freezes those it strikes, dealing additional cold damage.
   It can also slow down cold-blooded creatures.
   Int:       It affects your intelligence (+4).
   rN:        It protects you from negative energy.
Missiles
 l - 2 silver javelins
 p - 17 throwing nets
Armour
 a - the +2 robe of Veelah {rPois rC+ Int+4}
   (You found it on level 6 of the Dungeon)

   Int:       It affects your intelligence (+4).
   rC:        It protects you from cold.
   rPois:     It protects you from poison.
 b - the +0 leather armour "Ohoarric" {rPois rC+ Will+ Stlth-}
   (You found it on level 4 of the Shoals)

   rC:        It protects you from cold.
   rPois:     It protects you from poison.
   Will:      It increases your willpower.
   Stlth:     It makes you less stealthy.
 g - a +2 pair of gloves (worn)
 q - the -2 hat of the Alchemist (worn) {rElec rPois rF+ rC+ rN+ Will+ rMut rCorr}
   (You bought it in a shop on level 2 of the Depths)

   rF:        It protects you from fire.
   rC:        It protects you from cold.
   rElec:     It insulates you from electricity.
   rPois:     It protects you from poison.
   rN:        It protects you from negative energy.
   rCorr:     It protects you from acid and corrosion.
   rMut:      It protects you from mutation.
   Will:      It increases your willpower.
 w - the +2 pair of boots of the Blue Moon (worn) {Dex+4}
   (You found it on level 3 of the Elven Halls)

   Dex:       It affects your dexterity (+4).
 A - a +2 kite shield of protection (worn)
 T - the +1 leather armour of Pride {Will+ Str+3 SInv}
   (You found it on level 3 of the Realm of Zot)

   Str:       It affects your strength (+3).
   SInv:      It lets you see invisible.
   Will:      It increases your willpower.
 U - the +4 moon troll leather armour (worn) {Spirit, Regen++ MP+5}
   (You took it off a deep elf pyromancer on level 3 of the Elven Halls)

   MP:        It affects your magic capacity (+5).
   Regen:     It increases your rate of health regeneration.
Magical Staves
 Z - a staff of earth
Jewellery
 c - a ring of wizardry
 d - a ring of flight (right hand)
 h - the amulet "Haaram" {RegenMP Rampage Regen+}
   (You took it off a tengu warrior on level 2 of the Crypt)

   [amulet of magic regeneration]

   It increases your rate of magic regeneration.
   Regen:     It increases your rate of health regeneration.
   Rampage:   It bestows one free step when moving towards enemies.
 i - a ring of willpower
 s - the ring "Ekheijio" {rPois rF+ rN+}
   (You found it on level 3 of the Vaults)

   [ring of positive energy]

   rF:        It protects you from fire.
   rPois:     It protects you from poison.
   rN:        It protects you from negative energy.
 F - the ring of the Cockroach (left hand) {rPois rF+ Str-2 Dex+5 SInv}
   (You bought it in a shop on level 3 of the Vaults)

   [ring of see invisible]

   Str:       It affects your strength (-2).
   Dex:       It affects your dexterity (+5).
   rF:        It protects you from fire.
   rPois:     It protects you from poison.
   SInv:      It lets you see invisible.
 H - a ring of protection from cold
 V - the amulet of the Philosopher (around neck) {Reflect Fragile Int+5 SH+5}
   (You found it on level 3 of the Elven Halls)

   [amulet of reflection]

   It reflects blocked missile attacks.
   Int:       It affects your intelligence (+5).
   Fragile:   It will be destroyed if unequipped.
   SH:        It affects your SH (+5).
Wands
 E - a wand of iceblast (22)
 O - a wand of acid (31)
 P - a wand of digging (25)
Scrolls
 m - 8 scrolls of amnesia
 n - a scroll of summoning
 o - 2 scrolls of blinking
 r - 11 scrolls of teleportation
 t - 22 scrolls of fog
 x - 5 scrolls of fear
 y - 4 scrolls of silence
 C - 4 scrolls of torment
 D - 13 scrolls of immolation
 K - 8 scrolls of enchant weapon
 Q - a scroll of magic mapping
 S - 10 scrolls of brand weapon
 W - 10 scrolls of enchant armour
Potions
 e - 10 potions of might
 f - 11 potions of mutation
 j - 9 potions of flight
 k - 9 potions of lignification
 u - 9 potions of resistance
 v - a potion of magic
 z - a potion of ambrosia
 B - 5 potions of cancellation
 G - 6 potions of heal wounds
 I - 12 potions of curing
 J - 3 potions of haste
 N - 2 potions of invisibility
 R - 5 potions of brilliance
Miscellaneous
 M - a condenser vane
 X - a phantom mirror


   Skills:
 - Level 24.0 Fighting
 - Level 4.7 Maces & Flails
 - Level 1.3 Polearms
 - Level 15.0 Armour
 - Level 3.0 Dodging
 - Level 3.0 Stealth
 - Level 21.0 Shields
 - Level 24.0 Spellcasting
 + Level 17.3 Conjurations
 - Level 21.0 Necromancy
 - Level 15.0 Transmutations
 + Level 17.1 Fire Magic
 - Level 21.0 Earth Magic


You had 6 spell levels left.
You knew the following spells:

 Your Spells              Type           Power      Damage    Failure   Level
a - Necromutation         Tmut/Necr      66%        N/A       3%          8
b - Passwall              Tmut/Erth      90%        N/A       0%          2
c - Stone Arrow           Conj/Erth      100%       3d13      0%          3
d - Iskenderun's Mystic   Conj/Tloc      83%        2d16      1%          4
e - Fire Storm            Conj/Fire      53%        8d14      19%         9
f - Ignition              Fire           53%        3d15      1%          8
g - Shatter               Erth           58%        3d43*     4%          9
h - Freezing Cloud        Conj/Ice/Air   36%        6-21      1%          5
i - Borgnjor's Vile Clut  Necr/Erth      70%        N/A       0%          5
j - Iron Shot             Conj/Erth      56%        9d11      1%          6
k - Lehudib's Crystal Sp  Conj/Erth      56%        10d13     1%          8
l - Apportation           Tloc           88%        N/A       1%          1

Your spell library contained the following spells:

 Spells                   Type           Power      Damage    Failure   Level
 Chain Lightning          Conj/Air       41%        3d55      99%         9
 Polar Vortex             Ice            22%        N/A       100%        9
 Animate Skeleton         Necr           100%       N/A       0%          1
 Beastly Appendage        Tmut           100%       N/A       0%          1
 Magic Dart               Conj           100%       1d8       0%          1
 Pain                     Necr           100%       1d9       0%          1
 Sandblast                Erth           100%       2d20      0%          1
 Scorch                   Fire           100%       2d10      0%          2
 Searing Ray              Conj           100%       2d8       0%          2
 Sublimation of Blood     Necr           100%       N/A       0%          2
 Wereblood                Tmut           100%       N/A       0%          2
 Conjure Flame            Conj/Fire      100%       6-21      0%          3
 Vampiric Draining        Necr           100%       2d13      0%          3
 Animate Dead             Necr           70%        N/A       0%          4
 Dispel Undead            Necr           100%       3d31      0%          4
 Flame Wave               Conj/Fire      100%       2d17      0%          4
 Petrify                  Tmut/Erth      100%       N/A       0%          4
 Sticky Flame             Conj/Fire      100%       2d11      0%          4
 Agony                    Necr           100%       N/A       0%          5
 Excruciating Wounds      Necr           70%        N/A       0%          5
 Fireball                 Conj/Fire      53%        3d21      0%          5
 Lee's Rapid Deconstruct  Erth           58%        3d28*     0%          5
 Freeze                   Ice            100%       1d11      1%          1
 Shock                    Conj/Air       100%       1d9       1%          1
 Slow                     Hex            100%       N/A       1%          1
 Sting                    Tmut/Pois      100%       1d8       1%          1
 Summon Small Mammal      Summ           100%       N/A       1%          1
 Blink                    Tloc           88%        N/A       1%          2
 Call Imp                 Summ           44%        N/A       1%          2
 Corpse Rot               Necr/Air       100%       N/A       1%          2
 Ensorcelled Hibernation  Hex/Ice        88%        N/A       1%          2
 Poisonous Vapours        Pois/Air       88%        N/A       1%          2
 Static Discharge         Conj/Air       83%        N/A       1%          2
 Dazzling Flash           Conj/Hex       100%       N/A       1%          3
 Frozen Ramparts          Ice            88%        1d10      1%          3
 Ignite Poison            Fire/Tmut/Pois 89%        N/A       1%          3
 Inner Flame              Hex/Fire       82%        N/A       1%          3
 Mephitic Cloud           Conj/Pois/Air  72%        N/A       1%          3
 Spider Form              Tmut/Pois      79%        N/A       1%          3
 Anguish                  Hex/Necr       55%        N/A       1%          4
 Animate Armour           Summ/Erth      100%       N/A       1%          4
 Fulminant Prism          Conj/Hex       41%        3d20      1%          4
 Hailstorm                Conj/Ice       83%        3d17      1%          4
 Ice Form                 Ice/Tmut       79%        N/A       1%          4
 Leda's Liquefaction      Hex/Erth       44%        N/A       1%          4
 Alistair's Intoxication  Tmut/Pois      52%        N/A       1%          5
 Blade Hands              Tmut           50%        N/A       1%          5
 Irradiate                Conj/Tmut      52%        3d31      1%          5
 Lightning Bolt           Conj/Air       41%        1d60      1%          5
 Yara's Violent Unravell  Hex/Tmut       39%        3d16      1%          5
 Conjure Ball Lightning   Conj/Air       41%        3x3d13    1%          6
 Death Channel            Necr           70%        N/A       1%          6
 Eringya's Noxious Bog    Tmut/Pois      39%        N/A       1%          6
 Simulacrum               Ice/Necr       55%        N/A       1%          6
 Starburst                Conj/Fire      53%        6d14      1%          6
 Statue Form              Tmut/Erth      72%        N/A       1%          6
 Call Canine Familiar     Summ           44%        N/A       2%          3
 Confusing Touch          Hex            44%        N/A       2%          3
 Ozocubu's Armour         Ice            44%        N/A       2%          3
 Portal Projectile        Hex/Tloc       88%        N/A       2%          3
 Swiftness                Air            44%        N/A       2%          3
 Teleport Other           Tloc           44%        N/A       2%          3
 Tukima's Dance           Hex            44%        N/A       2%          3
 Airstrike                Air            22%        N/A       2%          4
 Olgreb's Toxic Radiance  Pois           44%        N/A       2%          4
 Cause Fear               Hex            22%        N/A       9%          4
 Passage of Golubria      Tloc           44%        N/A       9%          4
 Summon Ice Beast         Ice/Summ       44%        N/A       9%          4
 Summon Lightning Spire   Summ/Air       44%        N/A       9%          4
 Manifold Assault         Tloc           44%        N/A       24%         5
 Metabolic Englaciation   Hex/Ice        22%        N/A       24%         5
 Silence                  Hex/Air        22%        N/A       24%         5
 Summon Mana Viper        Hex/Summ       44%        N/A       24%         5
 Dispersal                Tloc           22%        N/A       78%         6
 Dragon Form              Tmut           50%        N/A       1%          7
 Orb of Destruction       Conj           53%        9d13      1%          7
 Borgnjor's Revivificati  Necr           70%        N/A       1%          8
 Infestation              Necr           70%        N/A       1%          8
 Haunt                    Necr/Summ      55%        N/A       10%         7
 Death's Door             Necr           70%        N/A       16%         9
 Storm Form               Tmut/Air       39%        N/A       32%         7
 Ozocubu's Refrigeration  Ice            22%        4d9       83%         7
 Enfeeble                 Hex            22%        N/A       100%        7
 Malign Gateway           Summ/Tloc      22%        N/A       100%        7
 Monstrous Menagerie      Summ           22%        N/A       100%        7
 Summon Hydra             Summ           22%        N/A       100%        7
 Discord                  Hex            22%        N/A       100%        8
 Disjunction              Tloc           22%        N/A       100%        8
 Maxwell's Capacitive Co  Air            22%        ∞         100%        8
 Summon Horrible Things   Summ           22%        N/A       100%        8


Dungeon Overview and Level Annotations

Branches:
Dungeon (15/15)            Temple (1/1) D:7            Lair (6/6) D:10
 Shoals (4/4) Lair:4        Snake (4/4) Lair:3        Slime (5/5) Lair:6
    Orc (2/2) D:9             Elf (3/3) Orc:2        Vaults (5/5) D:13
  Crypt (3/3) Vaults:2       Tomb (0/3) Crypt:3      Depths (4/4) D:15
   Hell (visited)             Dis (7/7) Hell            Geh (0/7) Hell
    Coc (7/7) Hell            Tar (2/7) Hell            Zot (5/5) Depths:4

Altars:
Ashenzari
Cheibriados
Dithmenos
Elyvilon
Fedhas
Gozag
Hepliaklqana
Kikubaaqudgha
Makhleb
Nemelex Xobeh
Okawaru
Qazlal
Ru
Sif Muna
Trog
Uskayaw
Vehumet
Wu Jian
Xom
Yredelemnul
Zin
The Shining One
Beogh
Jiyva

Shops:
D:2 (   D:4 ?*   D:6 *   D:13 !   Orc:2 [[(:   Shoals:3 (   Snake:1 =
Snake:2 ==:   Snake:3 :   Snake:4 (   Vaults:3 =   Depths:1 [   Depths:2 *(

Portals:
Hell: Depths:1 Depths:2 Depths:3 Depths:4
Abyss: Depths:2
Pandemonium: Depths:2 Depths:4
Ziggurat: Depths:4

Annotations:
Coc:7 Antaeus
Zot:2 36 runed doors, exclusion: 36 doors, gohu's ghost, master HOFi


Innate Abilities, Weirdness & Mutations

You are an undead lich.
Your unarmed attacks are suffused with negative energy.
You are immune to unholy pain and torment.
Your necromantic spells are more powerful.
You cannot drink.
You are immune to poison.
You are completely covered in molten scales. (AC +4, rF+)
Your magical and physical power is greatly enhanced at high health.
When hurt, damage is shared between your health and your magic reserves.
You regenerate magic rapidly.
When low on magic, you restore magic in place of health.
Spells you cast and wands you use may paralyse nearby enemies.
You have a sharp stinger which inflicts weakening toxins.
You have an increased reservoir of magic. (+10% MP)


Message History

Unknown command.
Casting: Shatter (dangerous; 4% risk of failure)
Confirm with . or Enter, or press ? or * to list all spells.
The dungeon rumbles!
The Hell Sentinel is almost dead.
You destroy the iron golem!
Vehumet accepts your kill.
The iron giant is severely wounded.
The iron giant is lightly wounded.
Ka-crash!
Malevolent energies surge around you.
The iron giant throws the war gargoyle at you!
The Hell Sentinel gestures at you. The iron shot hits you!!!
You block the war gargoyle's attack.
Unknown command.
Unknown command.
Unknown command.
Unknown command.
You block the Hell Sentinel's attack. The Hell Sentinel hits you!
The war gargoyle launches metal splinters at you.
The spray of metal splinters hits you!!
* * * LOW HITPOINT WARNING * * *
Things that are here:
a +6 great sword; a +2 great sword; a +0 plate armour Unknown command.
Unknown command.
Okay, then.
Okay, then.
You see here a +0 morningstar.
Unknown command.
Unknown command.
The Hell Sentinel gestures at you.
The sphere of damnation explodes!
The damnation engulfs you!!!
* * * LOW HITPOINT WARNING * * *
There is a gateway leading out of Dis here.
Unknown command.
Unknown command.
The war gargoyle launches metal splinters at you.
The spray of metal splinters hits you!!!
You die...

############ ###
##...##.....##...#
#.................
#........#.........
#..................
##........#..............
#........................
#..........).....#....... .
#.......L.))............
#..#.....#.9)1).#.#.##.....
#.....†.)).)......)......
##......)...†.††......#.
##..........)†.........
#......).....C.....#.
.......)#.....C†........
...........)..)......#...
#.#.......#).#.............


You could see 2 iron giants, a Hell Sentinel and a war gargoyle (catching
breath).

Vanquished Creatures
  the Royal Jelly (Slime:5)
  Gloorx Vloq (Pan)
  Lom Lobon (Pan)
  9 dread liches
  2 ancient liches (Dis:4)
  Mennas (Vaults:4)
  4 orbs of fire (Zot:5)
  A juggernaut (Dis:4)
  The ghost of Kumoik the Conqueror, a legendary MiBe of Trog (Depths:1)
  6 pandemonium lords (Pan)
  18 shard shrikes
  Sojobo (Vaults:4)
  Boris (thrice) (Vaults:2 Crypt:2 Depths:1)
  10 Killer Klowns
  Saint Roka (Orc:2)
  Vashnia (Snake:3)
  The ghost of jlumianski the Warrior, a veteran KoBe of Trog (Vaults:3)
  Geryon (Hell)
  10 caustic shrikes (Dis:7)
  2 curse toes
  5 profane servitors
  The ghost of Fainec the Devastator, a veteran GrEE of Lugonu (Crypt:2)
  12 golden dragons
  7 bone dragons
  Jory (Crypt:3)
  4 Tzitzimimeh (Pan)
  Nikola (Snake:4)
  4 electric golems
  5 Brimstone Fiends (Pan)
  A shard shrike zombie (Crypt:3)
  12 iron giants
  18 Ice Fiends
  14 tentacled monstrosities
  Jorgrun (Elf:2)
  25 Orb Guardians (Zot:5)
  7 liches
  7 Hell Sentinels
  The ghost of Gygal Fez the Peltast, an adept MiFi of Okawaru (Snake:2)
  18 titans
  14 quicksilver dragons
  23 acid blobs
  3 deep elf blademasters
  5 deep elf master archers
  25 ancient champions
  39 Executioners
  3 sphinxes
  The ghost of Joonuti the Slayer, an adept MiFi of Okawaru (Snake:1)
  The ghost of Joonuti the Slayer, an adept MiFi of Okawaru (Snake:2)
  6 death cobs
  2 krakens
  5 tengu reavers
  Ilsuiw (Shoals:2)
  19 tentacled starspawn
  17 storm dragons
  Kirke (D:14)
  Donald (Vaults:1)
  Roxanne (Elf:3)
  9 draconian monks
  6 revenants
  7 nagarajas
  21 shadow dragons
  A daeva (Abyss:2)
  6 demonspawn warmongers (Pan)
  8 fire giants
  15 frost giants
  7 draconian knights
  An azure jelly (Slime:1)
  4 deep elf sorcerers
  11 rockslimes
  Aizul (Shoals:2)
  13 ghost moths
  17 iron dragons
  9 narguns
  4 quicksilver elementals
  6 deep elf elementalists (Elf:3)
  2 caustic shrike zombies
  10 balrugs
  An emperor scorpion (D:15)
  11 vault wardens
  A spectral juggernaut (Tar:2)
  5 cacodemons
  14 draconian scorchers
  A juggernaut zombie (Crypt:1)
  An orc warlord (Vaults:3)
  9 draconian shifters
  3 curse skulls
  6 shard shrike simulacra
  An angel (Abyss:4)
  4 quicksilver oozes
  15 stone giants
  7 ghouls
  9 draconian annihilators
  7 draconian stormcallers
  9 demonspawn corrupters (Pan)
  2 caustic shrike skeletons
  18 ironbound preservers
  10 reapers
  19 war gargoyles
  6 demonspawn blood saints (Pan)
  The ghost of Mumum the Arsonist, a journeyman DrFE of Vehumet (Lair:5)
  29 very ugly things
  10 green draconians
  27 elemental wellsprings
  24 lorocyprocas
  6 ironbound thunderhulks
  3 vampire knights
  5 entropy weavers
  Nessos (Orc:2)
  2 deep elf demonologists (Elf:3)
  8 demonspawn black suns (Pan)
  9 purple draconians
  13 dire elephants
  13 white draconians
  12 black draconians
  2 spectral titans
  19 wendigos
  13 red draconians
  15 yellow draconians
  5 spark wasps (Depths:2)
  11 deep elf annihilators
  5 deep elf death magi (Elf:3)
  22 blizzard demons
  4 iron golems
  17 green deaths
  5 fire dragons
  6 eidola
  11 merfolk impalers
  Josephine (Lair:6)
  10 ettins
  11 deep elf high priests
  A jiangshi (Vaults:2)
  3 crystal guardians (Crypt:3)
  A spectral quicksilver dragon (Tar:2)
  17 great orbs of eyes
  8 merfolk javelineers
  2 quicksilver dragon skeletons
  12 yaktaur captains
  4 rakshasas
  A spriggan zombie (Crypt:3)
  10 ice dragons
  A peacekeeper (Vaults:4)
  12 caustic shrike simulacra
  A fenstrider witch zombie (Crypt:2)
  6 boulder beetles
  7 salamander tyrants
  27 vault guards (Vaults:5)
  2 spectral spriggans
  9 hydras
  13 anacondas
  7 ironbound frosthearts
  4 ogre magi
  15 naga warriors
  11 hell beasts
  7 spriggan skeletons
  17 centaur warriors
  7 juggernaut simulacra
  7 merfolk avatars
  3 alligator snapping turtles
  A spriggan air mage (Depths:2)
  9 two-headed ogres
  A catoblepas (D:14)
  An anaconda (shapeshifter) (Depths:3)
  39 dancing weapons
  A satyr (Shoals:4)
  2 deep troll shamans
  4 merfolk aquamancers (Shoals:4)
  4 death knights
  5 tengu warriors
  A deep troll earth mage (Depths:2)
  Nergalle (Lair:4)
  8 hell hogs
  11 naga sharpshooters
  12 shock serpents
  3 orc high priests
  Urug (Lair:1)
  17 thrashing horrors
  3 vampire magi
  34 sun demons
  A titan zombie (Crypt:3)
  23 deep elf knights
  An iron troll (shapeshifter) (Vaults:5)
  13 hell knights
  53 soul eaters
  11 iron trolls
  20 wretched stars
  3 crystal echidnas
  10 shadow wraiths
  2 spectral bunyips (Tar:1)
  12 sixfirhies
  20 skeletal warriors
  5 salamander mystics
  9 spatial maelstroms
  3 flayed ghosts
  A golden dragon zombie (Crypt:3)
  10 sea snakes
  8 shadow demons (Pan)
  The ghost of TinSoldier the Frost Mage, a novice DsIE (D:6)
  45 deep trolls
  5 glowing orange brains
  4 quicksilver dragon simulacra
  53 starcursed masses
  18 wizards
  A swamp dragon (Zot:3)
  2 bog bodies (Crypt:2)
  8 naga ritualists
  6 lindwurms (Vaults:1)
  A glowing orange brain (shapeshifter) (Depths:3)
  12 ironbound convokers
  5 spriggan simulacra
  19 deep elf archers
  32 harpies
  2 bunyip skeletons (Pan)
  11 phantasmal warriors
  8 orc knights
  The ghost of SHADDY the Blocker, a novice VSFi of Uskayaw (D:8)
  36 deep elf pyromancers
  13 fauns
  14 mana vipers
  29 deep elf zephyrmancers
  4 shining eyes
  8 necromancers
  An orange crystal statue (Depths:3)
  An anaconda skeleton (Crypt:3)
  6 cyclopes
  A shadow dragon skeleton (Pan)
  An oklob plant (Lair:2)
  35 ugly things
  4 orc sorcerers
  A tengu skeleton (Pan)
  A salamander (shapeshifter) (D:15)
  35 salamanders
  2 sphinx skeletons
  5 worldbinders
  A stone giant zombie (Vaults:5)
  20 manticores
  A frost giant zombie (Depths:1)
  13 merfolk sirens
  A dire elephant zombie (Crypt:3)
  An elephant (shapeshifter) (Vaults:5)
  A frost giant skeleton (Depths:1)
  7 vault sentinels
  A will-o-the-wisp (Abyss:4)
  82 large abominations
  13 rust devils
  29 moths of wrath
  3 apocalypse crabs (Abyss:4)
  2 stone giant skeletons (Pan)
  39 black mambas
  55 smoke demons
  6 ice statues
  5 elephants (Lair:6)
  11 naga magi
  8 titan simulacra
  7 water nymphs
  7 molten gargoyles (Hell)
  A torpor snail (shapeshifter) (Depths:3)
  2 eyes of devastation
  15 orange demons
  3 dire elephant skeletons
  A gargoyle (D:12)
  An efreet (Abyss:3)
  4 guardian serpents
  Maggie (D:8)
  7 centaur skeletons
  2 naga skeletons (Pan)
  3 unseen horrors
  2 kobold demonologists
  20 hellions
  3 rime drakes
  13 cane toads
  6 komodo dragons
  34 demonic crawlers
  29 yaktaurs
  25 hellwings
  6 freezing wraiths
  6 iron giant simulacra
  24 tormentors
  5 anaconda simulacra
  A death yak skeleton (Crypt:1)
  A yaktaur zombie (Vaults:5)
  9 ice devils
  5 tengu conjurers
  4 bunyip simulacra
  9 ancient zymes
  27 merfolk
  9 red devils
  7 golden dragon simulacra
  A guardian mummy (Crypt:1)
  3 harpy zombies
  5 hornets (Lair:6)
  9 wind drakes
  8 polar bears
  4 trolls
  30 raiju
  105 slime creatures
  18 blink frogs
  4 harpy skeletons
  4 stone giant simulacra
  A blink frog (shapeshifter) (Elf:1)
  3 iron dragon simulacra
  10 snapping turtles
  8 dream sheep
  14 spriggans (Lair:6)
  5 shadows
  An ettin skeleton (Pan)
  40 flying skulls
  A wind drake zombie (Crypt:2)
  11 water elementals
  9 wraiths
  A yak (shapeshifter) (Elf:2)
  An air elemental (Abyss:4)
  6 wyverns
  65 ynoxinuls
  A guardian serpent skeleton (Crypt:1)
  7 naga simulacra
  4 basilisks
  5 fire elementals
  4 hogs
  40 yaks
  6 dire elephant simulacra
  26 chaos spawn
  11 golden eyes
  20 neqoxecs
  8 vampire mosquitoes
  An alligator snapping turtle simulacrum (Coc:1)
  A redback (Vaults:4)
  39 nagas
  Edmund (D:3)
  16 spatial vortices
  A minotaur simulacrum (Coc:1)
  A two-headed ogre zombie (D:9)
  20 harpy simulacra
  A warg (Orc:1)
  3 acid dragons
  2 hydra simulacra
  15 water moccasins
  A manticore zombie (Crypt:1)
  2 floating eyes
  An ice beast (shapeshifter) (Abyss:3)
  35 orc warriors
  2 sky beasts (D:6)
  A hornet zombie (D:7)
  5 black bears
  An elephant zombie (Crypt:1)
  9 ice beasts
  A swamp dragon zombie (Crypt:2)
  4 ettin simulacra
  11 ogres
  22 small abominations
  5 boggarts
  A dream sheep skeleton (Crypt:2)
  8 necrophages
  35 wolves
  A blink frog zombie (Crypt:2)
  A lindwurm skeleton (Crypt:1)
  A phantom (D:4)
  10 centaurs
  15 bullfrogs
  A bullfrog (shapeshifter) (D:14)
  13 kobold brigands
  2 gnoll sergeants
  A salamander skeleton (Crypt:2)
  5 earth elementals
  5 scorpions
  A water moccasin zombie (D:5)
  A troll zombie (D:9)
  A warg skeleton (Crypt:1)
  6 killer bees (D:8)
  8 wights (D:8)
  10 howler monkeys
  3 electric eels
  7 crimson imps
  11 centaur zombies
  3 jellies
  A bullfrog zombie (D:6)
  3 quasits
  3 hounds
  Crazy Yiuf (D:7)
  3 human zombies
  19 orc priests
  A bullfrog skeleton (D:5)
  3 iron imps
  Jessica (D:3)
  A scorpion zombie (D:4)
  2 iguanas (D:5)
  29 orc wizards
  7 hell rats (Lair:6)
  3 human skeletons (Crypt:1)
  A killer bee zombie (D:9)
  6 ogre zombies (D:9)
  A dwarf skeleton (Crypt:1)
  2 hound zombies
  5 mummies (Crypt:1)
  5 howler monkey zombies
  17 gnolls
  6 adders
  13 white imps
  7 ufetubi
  2 adder zombies (D:4)
  2 adder skeletons (D:4)
  A halfling skeleton (Crypt:1)
  A worm (D:3)
  2 dart slugs
  97 orcs
  2 bats
  2 bat zombies (D:14)
  10 endoplasms
  3 giant cockroaches
  7 goblins
  10 hobgoblins
  2 jackals (D:1)
  3 training dummies (Snake:4)
  5 ball pythons
  2 frilled lizards
  A frilled lizard zombie (Crypt:1)
  A giant cockroach zombie (Crypt:2)
  A goblin skeleton (Crypt:1)
  3 goblin zombies (D:9)
  3 hobgoblin skeletons (D:9)
  5 hobgoblin zombies (D:9)
  18 kobolds
  2 orc skeletons (D:9)
  12 orc zombies (D:9)
  6 rats
  A rat zombie (D:14)
  6 ball lightnings (Pan)
  A fire vortex (Pan)
  7 lurking horrors
  18 starspawn tentacles
  4 tentacles (Shoals:3)
3860 creatures vanquished.

Vanquished Creatures (collateral kills)
  2 Ice Fiends (Coc:7)
  A soul eater (Pan)
  A skeletal warrior (D:13)
  An orange demon (Pan)
5 creatures vanquished.

Vanquished Creatures (others)
  A pandemonium lord (Pan)
  A lich (Vaults:2)
  A draconian knight (Zot:2)
  A shard shrike simulacrum (Coc:6)
  A white draconian (Zot:2)
  2 caustic shrike simulacra
  A spriggan simulacrum (Coc:3)
  A wizard (Pan)
  A deep elf zephyrmancer (Elf:1)
  A manticore (Shoals:4)
  A black mamba (Snake:3)
  A golden dragon simulacrum (Coc:7)
  An air elemental (Elf:1)
  A human (Depths:3)
  2 harpy simulacra (Coc:7)
  A kobold brigand (Abyss:4)
  2 ball lightnings (Pan)
  A bush (Abyss:2)
  76 fire vortices
  2 foxfires (Abyss:4)
  22 fungi
  3 lurking horrors
  168 plants
  25 starspawn tentacles
  7 tentacles
  4 withered plants (Snake:2)
328 creatures vanquished.

Grand Total: 4193 creatures vanquished

Notes
Turn   | Place    | Note
-------+----------+-------------------------------------------
     0 | D:1      | protoss039 the Demonspawn Earth Elementalist began the
                  | quest for the Orb.
     0 | D:1      | Reached XP level 1. HP: 13/13 MP: 3/3
   310 | D:1      | Reached skill level 1 in Transmutations
   461 | D:1      | Gained mutation: You regenerate magic rapidly. [demonic
                  | ancestry]
   461 | D:1      | Reached XP level 2. HP: 7/20 MP: 3/5
   691 | D:1      | Reached skill level 1 in Fighting
  1413 | D:1      | Found a faded altar of an unknown god.
  1766 | D:1      | Learned a level 2 spell: Passwall
  1837 | D:2      | Found Cadixebb's Antique Weapon Boutique.
  1860 | D:2      | Reached XP level 3. HP: 12/26 MP: 3/6
  2508 | D:2      | Learned a level 3 spell: Stone Arrow
  2573 | D:3      | Noticed a black bear
  2607 | D:3      | Killed a black bear
  2608 | D:3      | Reached skill level 1 in Armour
  2608 | D:3      | Reached skill level 1 in Conjurations
  2608 | D:3      | Reached XP level 4. HP: 15/34 MP: 1/7
  2810 | D:3      | Gained mutation: You are partially covered in molten
                  | scales. (AC +2) [demonic ancestry]
  2810 | D:3      | Reached XP level 5. HP: 39/39 MP: 5/8
  3255 | D:3      | Noticed Jessica
  3263 | D:3      | Killed Jessica
  3596 | D:4      | Learned a level 2 spell: Static Discharge
  3784 | D:4      | Found Vetseot's Magic Scroll Shop.
  3812 | D:4      | Gained mutation: You are mostly covered in molten scales.
                  | (AC +3) [demonic ancestry]
  3812 | D:4      | Reached XP level 6. HP: 28/47 MP: 10/10
  3943 | D:4      | Bought a scroll of amnesia for 42 gold pieces
  3943 | D:4      | Bought a scroll of identify for 24 gold pieces
  3943 | D:4      | Bought a scroll of teleportation for 36 gold pieces
  3943 | D:4      | Bought a scroll of identify for 24 gold pieces
  4198 | D:4      | Noticed Edmund
  4235 | D:3      | Killed Edmund
  4804 | D:4      | Gained mutation: You have a small tail. [demonic ancestry]
  4804 | D:4      | Reached XP level 7. HP: 50/53 MP: 11/11
  4872 | D:4      | Found Afoetud's Assorted Antiques.
  5438 | D:4      | Found a shimmering altar of Xom.
  5618 | D:4      | Bought a purple potion for 16 gold pieces
  5666 | D:5      | Entered Level 5 of the Dungeon
  5942 | D:5      | Found an opulent altar of Gozag.
  6361 | D:5      | Reached skill level 5 in Fighting
  6379 | D:5      | Gained mutation: You have a tail ending in a sharp stinger.
                  | [demonic ancestry]
  6379 | D:5      | Reached XP level 8. HP: 29/62 MP: 13/13
  6904 | D:6      | Found a large runed translucent door.
  6904 | D:6      | Found a large runed translucent door.
  6991 | D:6      | You fall into a shaft and drop 1 floor!
  7395 | D:7      | Found a staircase to the Ecumenical Temple.
  7403 | D:7      | Reached skill level 5 in Earth Magic
  7411 | Temple   | Entered the Ecumenical Temple
  7523 | Temple   | Became a worshipper of Vehumet
  7630 | D:6      | Identified the +2 robe of Veelah {rPois rC+ Int+4}
  7884 | D:6      | Found Bynak's Assorted Antiques.
  7899 | D:6      | Reached XP level 9. HP: 56/71 MP: 13/16
  7901 | D:6      | Reached skill level 5 in Spellcasting
  7901 | D:6      | Reached skill level 5 in Conjurations
  7989 | D:6      | Bought a scroll of identify for 44 gold pieces
  7989 | D:6      | Bought a scroll of identify for 44 gold pieces
  7989 | D:6      | Bought a fuming red potion for 19 gold pieces
  8291 | D:6      | Noticed TinSoldier's ghost (novice DsIE)
  8319 | D:7      | Found a runed translucent door.
  8320 | D:7      | Noticed Crazy Yiuf
  8579 | D:7      | Killed Crazy Yiuf
  8628 | D:8      | Found a runed translucent gate.
  8628 | D:8      | Found a runed translucent gate.
  8628 | D:8      | Found a runed translucent gate.
  8629 | D:8      | Found an opulent altar of Gozag.
  8629 | D:8      | Noticed SHADDY's ghost (novice VSFi)
  8630 | D:8      | Noticed a troll
  8819 | D:8      | Reached * piety under Vehumet
  8819 | D:8      | Offered knowledge of Shock by Vehumet.
  9106 | D:8      | Noticed Maggie
  9311 | D:8      | Killed Maggie
  9312 | D:8      | Gained mutation: When hurt, damage is shared between your
                  | health and your magic reserves. [demonic ancestry]
  9312 | D:8      | Reached XP level 10. HP: 68/82 MP: 9/19
  9316 | D:8      | Reached ** piety under Vehumet
  9316 | D:8      | Offered knowledge of Poisonous Vapours by Vehumet.
 10188 | D:9      | Noticed a two-headed ogre
 10195 | D:9      | Killed a two-headed ogre
 10427 | D:9      | Found a basalt altar of Yredelemnul.
 10539 | D:9      | Offered knowledge of Dazzling Flash by Vehumet.
 10547 | D:9      | Reached skill level 10 in Fighting
 10707 | D:9      | Noticed a centaur warrior
 10780 | D:9      | Reached *** piety under Vehumet
 10788 | D:9      | Killed a centaur warrior
 11352 | D:9      | Gained mutation: You are completely covered in molten
                  | scales. (AC +4, rF+) [demonic ancestry]
 11352 | D:9      | Reached XP level 11. HP: 92/92 MP: 18/21
 11358 | D:9      | Found a staircase to the Orcish Mines.
 11493 | D:9      | Offered knowledge of Sticky Flame by Vehumet.
 11606 | D:10     | Entered Level 10 of the Dungeon
 11724 | D:10     | Found a burning altar of Makhleb.
 12210 | D:10     | Found a staircase to the Lair.
 12513 | D:10     | Found a sacrificial altar of Ru.
 13107 | D:11     | Reached **** piety under Vehumet
 13308 | D:11     | Offered knowledge of Ignite Poison by Vehumet.
 14387 | D:11     | Identified a scroll of acquirement
 14388 | D:11     | Acquired 458 gold pieces
 14891 | D:12     | Noticed an ogre mage
 14891 | D:12     | Noticed a two-headed ogre
 14891 | D:12     | Noticed a two-headed ogre
 14892 | D:12     | Noticed a two-headed ogre
 14893 | D:12     | Noticed a two-headed ogre
 14912 | D:13     | Killed a two-headed ogre
 14914 | D:13     | Found a radiant altar of Vehumet.
 14914 | D:13     | Noticed a centaur warrior
 15415 | D:12     | Noticed a death knight
 15534 | D:12     | Noticed a four-headed hydra
 15538 | D:12     | Killed a four-headed hydra
 15592 | D:12     | Killed a two-headed ogre
 15593 | D:12     | Gained mutation: You have a sharp stinger which inflicts
                  | weakening toxins. [demonic ancestry]
 15593 | D:12     | Reached XP level 12. HP: 87/102 MP: 13/24
 15827 | D:12     | Learned a level 5 spell: Fireball
 15833 | D:12     | Learned a level 5 spell: Lightning Bolt
 16207 | D:12     | Noticed a two-headed ogre
 16226 | D:12     | Killed a two-headed ogre
 16635 | D:12     | Killed a death knight
 16980 | D:12     | Killed an ogre mage
 17001 | D:12     | Killed a two-headed ogre
 17003 | D:12     | Killed a two-headed ogre
 17031 | D:13     | Killed a centaur warrior
 17256 | D:13     | Found Oklucip's Distillery.
 17262 | D:13     | Bought a potion of invisibility for 120 gold pieces
 17262 | D:13     | Bought a potion of magic for 120 gold pieces
 17262 | D:13     | Bought a potion of flight for 45 gold pieces
 17262 | D:13     | Bought a potion of degeneration for 15 gold pieces
 17262 | D:13     | Bought a potion of brilliance for 60 gold pieces
 17262 | D:13     | Bought a potion of curing for 45 gold pieces
 17267 | D:13     | Noticed a tengu warrior
 17281 | D:13     | Killed a tengu warrior
 17805 | D:13     | Noticed a boulder beetle
 17865 | D:13     | Noticed a two-headed ogre
 17865 | D:13     | Noticed a centaur warrior
 17870 | D:13     | Noticed a two-headed ogre
 17943 | D:13     | Noticed a two-headed ogre
 17947 | D:13     | Killed a two-headed ogre
 17948 | D:13     | Reached skill level 1 in Shields
 18149 | D:13     | Reached ***** piety under Vehumet
 18186 | D:13     | Noticed an ogre mage
 18190 | D:13     | Killed an ogre mage
 18202 | D:13     | Killed a two-headed ogre
 18460 | D:13     | Offered knowledge of Freezing Cloud by Vehumet.
 18535 | D:13     | Learned a level 5 spell: Freezing Cloud
 18602 | D:13     | Killed a boulder beetle
 18663 | D:13     | Reached XP level 13. HP: 74/111 MP: 11/26
 19140 | D:13     | Found a gate to the Vaults.
 19583 | D:13     | Reached skill level 10 in Conjurations
 20880 | D:14     | Reached skill level 5 in Shields
 20915 | D:14     | Reached skill level 5 in Armour
 21226 | D:14     | Noticed Kirke
 21414 | D:14     | Killed Kirke
 21705 | D:14     | Found an ancient bone altar of Kikubaaqudgha.
 21801 | D:15     | Entered Level 15 of the Dungeon
 22511 | D:15     | Identified the +0 kite shield of the Stallion {Harm rCorr
                  | Str-5}
 22536 | D:15     | Offered knowledge of Olgreb's Toxic Radiance by Vehumet.
 22547 | D:15     | Learned a level 4 spell: Olgreb's Toxic Radiance
 22644 | D:15     | Noticed an emperor scorpion
 22649 | D:15     | Found a staircase to the Depths.
 22649 | D:15     | Noticed a dire elephant
 22763 | D:15     | Reached XP level 14. HP: 79/121 MP: 7/27
 23134 | Lair:1   | Entered Level 1 of the Lair of Beasts
 23164 | Lair:1   | Noticed Urug
 23238 | Lair:1   | Reached skill level 10 in Spellcasting
 23825 | Lair:1   | Killed Urug
 25105 | Lair:2   | Reached skill level 15 in Fighting
 25852 | Lair:3   | Got the Grimoire of Transmigration
 26718 | Lair:3   | Found a staircase to the Snake Pit.
 27148 | Lair:4   | Identified the +8 trident of Cocytus {flame, rF++}
 27629 | Lair:4   | Offered knowledge of Spellforged Servitor by Vehumet.
 27681 | Lair:4   | Noticed Nergalle
 27690 | Lair:4   | Killed Nergalle
 28028 | Lair:4   | Found a staircase to the Shoals.
 28201 | Lair:5   | HP: 4/123 [yak (10)]
 28825 | Lair:5   | Found a runed translucent door.
 28826 | Lair:5   | Noticed Mumum's ghost (journeyman DrFE)
 29147 | Lair:6   | Entered Level 6 of the Lair of Beasts
 29247 | Lair:6   | Found a staircase to the Slime Pits.
 29247 | Lair:6   | Found a viscous altar of Jiyva.
 29259 | Lair:6   | Identified the amulet "Wakufahu" {Reflect Str+2 SH+5}
 29437 | Lair:6   | Noticed Josephine
 29441 | Lair:6   | Killed Josephine
 29442 | Lair:6   | Gained mutation: Spells you cast may paralyse adjacent
                  | enemies. [demonic ancestry]
 29442 | Lair:6   | Reached XP level 15. HP: 68/127 MP: 19/29
 29681 | Lair:6   | Offered knowledge of Iron Shot by Vehumet.
 30342 | Lair:6   | Learned a level 6 spell: Iron Shot
 31881 | Orc:1    | Entered Level 1 of the Orcish Mines
 32560 | Orc:2    | Entered Level 2 of the Orcish Mines
 32562 | Orc:2    | Noticed Nessos
 32568 | Orc:2    | Killed Nessos
 32737 | Orc:2    | Offered knowledge of Orb of Destruction by Vehumet.
 32740 | Orc:2    | Paralysed by an orc sorcerer for 3 turns
 32741 | Orc:2    | Noticed Saint Roka
 33085 | Orc:1    | Learned a level 7 spell: Orb of Destruction
 33368 | Orc:2    | Killed Saint Roka
 33591 | Orc:2    | Found a staircase to the Elven Halls.
 34566 | Orc:2    | Found Xaoniec's Armour Shop.
 34849 | Orc:2    | Found Vupojiwigg's Book Shop.
 34855 | Orc:2    | Bought a book of Minor Magic for 270 gold pieces
 34886 | Orc:2    | Found Zaicoaxtep's Antique Armour Shop.
 34888 | Orc:2    | Found Fopnidorph's Antique Weapon Boutique.
 34901 | Orc:2    | Bought a crude ring mail for 270 gold pieces
 34901 | Orc:2    | Identified the +1 ring mail of Urracapa {Int+3} (You bought
                  | it in a shop on level 2 of the Orcish Mines)
 35138 | Lair:3   | Learned a level 6 spell: Starburst
 35140 | Snake:1  | Entered Level 1 of the Snake Pit
 35654 | Snake:1  | Reached skill level 1 in Fire Magic
 36382 | Snake:1  | Found Jofuu's Jewellery Shoppe.
 37220 | Snake:2  | Reached XP level 16. HP: 141/141 MP: 14/31
 37337 | Snake:2  | Found Xycrekhihuss's Jewellery Shop.
 37338 | Snake:2  | Found Plog's Book Emporium.
 37339 | Snake:2  | Found Voepnuh's Jewellery Shop.
 38772 | Snake:2  | Found a runed translucent gate.
 38772 | Snake:2  | Found a runed translucent gate.
 38772 | Snake:2  | Found a runed translucent gate.
 38776 | Snake:2  | Noticed Joonuti's ghost (adept MiFi)
 38776 | Snake:2  | Noticed Joonuti's ghost (adept MiFi)
 38776 | Snake:2  | Noticed Gygal Fez's ghost (adept MiFi)
 39165 | Snake:3  | Found Sol Ech's Book Shop.
 40200 | Snake:3  | Offered knowledge of Conjure Ball Lightning by Vehumet.
 41166 | Snake:3  | Noticed Vashnia
 41409 | Snake:3  | Killed Vashnia
 42198 | Snake:2  | Bought the Unrestrained Analects for 616 gold pieces
 42337 | Snake:4  | Entered Level 4 of the Snake Pit
 42453 | Snake:4  | Reached skill level 10 in Shields
 42590 | Snake:4  | Noticed Nikola
 42608 | Snake:4  | Killed Nikola
 42882 | Snake:4  | Reached skill level 10 in Earth Magic
 43043 | Snake:4  | Gained mutation: Your magical and physical power is
                  | slightly enhanced at high health. [demonic ancestry]
 43043 | Snake:4  | Reached XP level 17. HP: 147/151 MP: 15/33
 43649 | Snake:4  | Reached ****** piety under Vehumet
 43649 | Snake:4  | Offered knowledge of Conjure Ball Lightning by Vehumet.
 43920 | Snake:4  | Found Vytuow's Firing Range.
 45778 | Snake:4  | Got a serpentine rune of Zot
 46021 | Shoals:1 | Entered Level 1 of the Shoals
 47529 | Shoals:2 | Offered knowledge of Shatter by Vehumet.
 47529 | Shoals:2 | Offered knowledge of Chain Lightning by Vehumet.
 47529 | Shoals:2 | Offered knowledge of Polar Vortex by Vehumet.
 48035 | Shoals:2 | Noticed Ilsuiw
 48454 | Shoals:2 | Noticed Aizul
 48465 | Shoals:2 | Killed Aizul
 48593 | Shoals:2 | Gained mutation: When low on magic, you restore magic in
                  | place of health. [demonic ancestry]
 48593 | Shoals:2 | Reached XP level 18. HP: 160/160 MP: 31/35
 49233 | Shoals:3 | Got Sif Muna's Compendium of Dusty Translocation
 49737 | Shoals:3 | Found Piqo's Antique Weapon Emporium.
 49748 | Shoals:3 | Bought a smoking morningstar for 324 gold pieces
 49748 | Shoals:3 | Identified the +7 morningstar "Dragonslayer" {freeze, rElec
                  | Str-3 Int+4} (You bought it in a shop on level 3 of the
                  | Shoals)
 50528 | Shoals:4 | Entered Level 4 of the Shoals
 50792 | Shoals:4 | Identified the +0 storm dragon scales of the Dropbear
                  | {rElec Dex+6}
 51049 | Shoals:4 | Identified the +7 plate armour "Tuuf" {Drain rC+ Str+3}
 51090 | Shoals:4 | Identified the +0 leather armour "Ohoarric" {rPois rC+
                  | Will+ Stlth-}
 52386 | Shoals:4 | Got a barnacled rune of Zot
 52462 | Shoals:4 | Identified the +2 robe "Ocouggib" {+Inv Str-3 Int-2 Stlth+}
 52870 | Elf:1    | Entered Level 1 of the Elven Halls
 53724 | Elf:1    | Found a radiant altar of Vehumet.
 53806 | Elf:1    | You fall into a shaft and drop 1 floor!
 53815 | Elf:2    | Reached XP level 19. HP: 165/168 MP: 18/36
 54308 | Elf:2    | Reached skill level 5 in Fire Magic
 54758 | Elf:2    | Noticed Jorgrun
 54762 | Elf:2    | Killed Jorgrun
 54813 | Elf:2    | Found a runed translucent gate.
 54813 | Elf:2    | Found a runed translucent gate.
 54813 | Elf:2    | Found a runed translucent gate.
 55067 | Elf:2    | Learned a level 4 spell: Iskenderun's Mystic Blast
 55818 | Elf:3    | Entered Level 3 of the Elven Halls
 56325 | Elf:3    | Reached skill level 10 in Armour
 56432 | Elf:3    | Identified Roxanne's Almanac of the Rocks
 56432 | Elf:3    | Noticed Roxanne
 56438 | Elf:3    | Killed Roxanne
 56953 | Elf:3    | Reached skill level 15 in Conjurations
 57111 | Elf:3    | Identified the ring of Jeloi {+Blink rC+}
 57339 | Elf:3    | Identified the +6 great sword "Vuwem" {freeze, Fly rF-
                  | rCorr Dex+7}
 57595 | Elf:3    | Gained mutation: Spells you cast may paralyse nearby
                  | enemies. [demonic ancestry]
 57595 | Elf:3    | Reached XP level 20. HP: 111/178 MP: 6/38
 58349 | Elf:3    | Identified the amulet of Qixkorur {Faith Harm rCorr Int-4
                  | Slay-5}
 58468 | Elf:3    | Got Rakan's Reference Book on Burning Bewitchment
 58479 | Elf:3    | Got Kesoepemm's Almanac of Bewitching Displacement
 58553 | Elf:3    | Got the Papyrus of Mutagenic Snow
 58577 | Elf:3    | Identified the amulet of the Philosopher {Reflect Fragile
                  | Int+5 SH+5}
 58582 | Elf:3    | Identified the +2 pair of boots of the Blue Moon {Dex+4}
 58682 | Elf:3    | Learned a level 5 spell: Borgnjor's Vile Clutch
 58819 | D:6      | Killed TinSoldier's ghost
 58913 | D:8      | Killed SHADDY's ghost
 59478 | Lair:5   | Killed Mumum's ghost
 59669 | Shoals:2 | Killed Ilsuiw
 59670 | Shoals:2 | Reached skill level 1 in Necromancy
 59829 | Snake:2  | Killed Gygal Fez's ghost
 60301 | Snake:1  | Killed Joonuti's ghost
 60898 | Snake:2  | Killed Joonuti's ghost
 61118 | D:13     | Learned a level 8 spell: Lehudib's Crystal Spear
 61119 | Vaults:1 | Entered Level 1 of the Vaults
 61440 | Vaults:1 | Noticed Donald
 61455 | Vaults:1 | Killed Donald
 62836 | Vaults:2 | Found a staircase to the Crypt.
 63655 | Vaults:2 | Noticed Boris
 63666 | Vaults:2 | Killed Boris
 64035 | Vaults:2 | Reached skill level 5 in Necromancy
 64078 | Vaults:2 | Reached XP level 21. HP: 128/186 MP: 31/39
 64642 | Vaults:3 | Found Qeinkuho's Jewellery Boutique.
 64649 | Vaults:3 | Bought the ring of the Cockroach {rPois rF+ Str-2 Dex+5
                  | SInv} for 908 gold pieces
 66078 | Vaults:3 | Found a runed translucent gate.
 66078 | Vaults:3 | Found a runed translucent gate.
 66078 | Vaults:3 | Found an ancient bone altar of Kikubaaqudgha.
 66078 | Vaults:3 | Found a runed translucent gate.
 66079 | Vaults:3 | Noticed a dread lich
 66079 | Vaults:3 | Noticed jlumianski's ghost (veteran KoBe)
 66871 | Vaults:4 | Reached skill level 5 in Transmutations
 67262 | Vaults:4 | Noticed Sojobo
 67267 | Vaults:4 | Paralysed by an air elemental for 1 turns
 67272 | Vaults:4 | Paralysed by an air elemental for 1 turns
 67274 | Vaults:4 | Killed Sojobo
 67504 | Vaults:4 | Reached skill level 15 in Shields
 68379 | Crypt:1  | Entered Level 1 of the Crypt
 69019 | Crypt:1  | Found a basalt altar of Yredelemnul.
 70449 | Crypt:2  | Noticed Boris
 70454 | Crypt:2  | Killed Boris
 70455 | Crypt:2  | Gained mutation: Spells you cast and wands you use may
                  | paralyse nearby enemies. [demonic ancestry]
 70455 | Crypt:2  | Reached XP level 22. HP: 196/196 MP: 26/40
 70655 | Crypt:2  | Found a runed translucent gate.
 70655 | Crypt:2  | Noticed Fainec's ghost (veteran GrEE)
 70808 | Crypt:2  | Found a runed translucent gate.
 70808 | Crypt:2  | Found a runed translucent gate.
 70809 | Crypt:2  | Identified the +2 scale mail "Viheecur" {rElec rN+++ Regen+
                  | Int-5}
 70809 | Crypt:2  | Identified the amulet "Haaram" {RegenMP Rampage Regen+}
 70811 | Crypt:2  | Identified the +5 glaive "Recar" {flame, Dex+2}
 70814 | Crypt:2  | Found an iron altar of Okawaru.
 71136 | Crypt:3  | Entered Level 3 of the Crypt
 71517 | Crypt:3  | Reached skill level 15 in Spellcasting
 72107 | Crypt:3  | Found a basalt altar of Yredelemnul.
 72107 | Crypt:3  | Noticed a dread lich
 72107 | Crypt:3  | Identified the +4 trident "Zutamel" {freeze, rN+ Int+4}
 72114 | Crypt:3  | Killed a dread lich
 72598 | Crypt:3  | Found a staircase to the Tomb.
 72671 | Crypt:3  | Noticed Jory
 72678 | Crypt:3  | Killed Jory
 72748 | Crypt:3  | Got the Tome of Evil
 73213 | Depths:1 | Entered Level 1 of the Depths
 73213 | Depths:1 | Noticed Boris
 73222 | Depths:1 | Killed Boris
 73250 | Depths:1 | Found a broken altar of Ashenzari.
 73613 | Depths:1 | Found a runed translucent door.
 73633 | Depths:1 | Noticed Kumoik's ghost (legendary MiBe)
 73646 | Depths:1 | Found Asmuss's Distillery.
 73653 | Depths:1 | Bought a potion of curing for 69 gold pieces
 73653 | Depths:1 | Bought a potion of resistance for 230 gold pieces
 73653 | Depths:1 | Bought a potion of mutation for 184 gold pieces
 73653 | Depths:1 | Bought a potion of curing for 69 gold pieces
 73653 | Depths:1 | Bought a potion of heal wounds for 115 gold pieces
 73653 | Depths:1 | Bought a potion of cancellation for 184 gold pieces
 73653 | Depths:1 | Bought a potion of magic for 184 gold pieces
 73653 | Depths:1 | Bought a potion of flight for 69 gold pieces
 73653 | Depths:1 | Found Kiderch's Armour Emporium.
 73659 | Depths:1 | Bought the +1 helmet "Veshromn" {rC+} for 305 gold pieces
 73874 | Depths:1 | Found a gateway to Hell.
 74871 | Depths:2 | Found Abuepyr's General Store.
 74876 | Depths:2 | Found Xitel's Weapon Shoppe.
 74879 | Depths:2 | Bought the -2 hat of the Alchemist {rElec rPois rF+ rC+ rN+
                  | Will+ rMut rCorr} for 1085 gold pieces
 74879 | Depths:2 | Found the -2 hat of the Alchemist {rElec rPois rF+ rC+ rN+
                  | Will+ rMut rCorr}
 74879 | Depths:2 | Bought a scroll of teleportation for 69 gold pieces
 75205 | Depths:2 | Noticed a golden dragon
 75216 | Depths:2 | Killed a golden dragon
 75356 | Depths:2 | Noticed a golden dragon
 75359 | Depths:2 | Killed a golden dragon
 75416 | Depths:2 | Gained mutation: Your magical and physical power is
                  | enhanced at high health. [demonic ancestry]
 75416 | Depths:2 | Reached XP level 23. HP: 204/204 MP: 34/42
 75512 | Depths:2 | Found a one-way gate to the infinite horrors of the Abyss.
 75749 | Depths:2 | Found a one-way gate leading to the halls of Pandemonium.
 76396 | Depths:3 | Paralysed by a floating eye for 4 turns
 76887 | Depths:3 | Found a hide-covered altar of Uskayaw.
 77058 | Depths:3 | Found a gateway to a bazaar.
 77067 | Bazaar   | Entered a bazaar
 77071 | Bazaar   | Found Fynluegh's Jewellery Boutique.
 77093 | Bazaar   | Found Jorghi's Antique Armour Emporium.
 77114 | Bazaar   | Found Saaclegi's Book Boutique.
 77131 | Bazaar   | Found Beatetun's Assorted Antiques.
 77136 | Bazaar   | Bought a scroll of magic mapping for 80 gold pieces
 77136 | Bazaar   | Bought a potion of brilliance for 92 gold pieces
 77570 | Depths:2 | Identified the +11 quarterstaff of True Grit {pain, rPois
                  | Stlth+}
 77605 | Depths:4 | Entered Level 4 of the Depths
 77761 | Depths:4 | Found a one-way gateway to a ziggurat.
 78824 | Depths:4 | Found a gate to the Realm of Zot.
 79885 | Vaults:3 | Killed a dread lich
 80045 | Vaults:3 | Identified the ring "Ekheijio" {rPois rF+ rN+}
 80049 | Vaults:3 | Identified the +0 pair of gloves "Somnig" {Rampage}
 80522 | Vaults:4 | Learned a level 9 spell: Shatter
 80539 | Vaults:5 | Entered Level 5 of the Vaults
 80556 | Vaults:5 | Reached skill level 15 in Earth Magic
 80562 | Vaults:5 | Noticed Mennas
 80580 | Vaults:4 | Gained mutation: You sometimes lose the ability to read
                  | scrolls when taking damage. [mutagenic glow]
 81133 | Vaults:4 | Killed Mennas
 81342 | Vaults:5 | Reached XP level 24. HP: 185/212 MP: 42/43
 81563 | Vaults:4 | Lost mutation: You sometimes lose the ability to read
                  | scrolls when taking damage. [potion of mutation]
 81563 | Vaults:4 | Gained mutation: You are weak. (Str -2) [potion of
                  | mutation]
 81563 | Vaults:4 | Gained mutation: You sometimes lose the ability to read
                  | scrolls when taking damage. [potion of mutation]
 81564 | Vaults:4 | Lost mutation: You are weak. (Str -2) [potion of mutation]
 81564 | Vaults:4 | Lost mutation: You sometimes lose the ability to read
                  | scrolls when taking damage. [potion of mutation]
 81564 | Vaults:4 | Gained mutation: You are dopey. (Int -2) [potion of
                  | mutation]
 81565 | Vaults:4 | Lost mutation: You are dopey. (Int -2) [potion of mutation]
 81565 | Vaults:4 | Gained mutation: Your system is resistant to poisons.
                  | (rPois) [potion of mutation]
 81565 | Vaults:4 | Gained mutation: Your spells are a little harder to cast,
                  | but a little more powerful. [potion of mutation]
 81581 | Vaults:4 | Learned a level 8 spell: Ignition
 82399 | Vaults:5 | Identified the +7 great mace of Qosidd {vorpal, Will+ Str+2
                  | Int+2 Stlth+}
 82565 | Vaults:5 | Identified the +5 morningstar "Kaaty" {flame, +Blink}
 83119 | Vaults:5 | Got a silver rune of Zot
 83159 | Vaults:5 | Got the Reference Book on Black Rites
 83218 | Vaults:5 | Identified the +8 dire flail of the Land of Plenty {holy,
                  | *Noise rF+ rN+ SInv}
 83237 | Vaults:5 | Got the Grimoire of Supportive Air
 83642 | Vaults:5 | Acquired 570 gold pieces
 83727 | Vaults:3 | Killed jlumianski's ghost
 84062 | Crypt:2  | Killed Fainec's ghost
 84294 | Depths:1 | Killed Kumoik's ghost
 84427 | Zot:1    | Entered Level 1 of the Realm of Zot
 84427 | Zot:1    | You fall into a shaft and drop 1 floor!
 84727 | Zot:2    | Found a huge runed gate.
 84735 | Zot:2    | Found a huge runed gate.
 84811 | Zot:2    | Found a huge runed gate.
 84811 | Zot:2    | Found a huge runed gate.
 84811 | Zot:2    | Found a huge runed gate.
 84812 | Zot:2    | Found a huge runed gate.
 84812 | Zot:2    | Found a huge runed gate.
 84812 | Zot:2    | Found a huge runed gate.
 84813 | Zot:2    | Found a huge runed gate.
 84813 | Zot:2    | Found a huge runed gate.
 84814 | Zot:2    | Found a huge runed gate.
 84815 | Zot:2    | Found a huge runed gate.
 84821 | Zot:2    | Found a huge runed gate.
 84822 | Zot:2    | Found a huge runed gate.
 84823 | Zot:2    | Found a huge runed gate.
 84832 | Zot:2    | Found a huge runed gate.
 84832 | Zot:2    | Found a huge runed gate.
 84832 | Zot:2    | Found a huge runed gate.
 84832 | Zot:2    | Found a huge runed gate.
 84832 | Zot:2    | Found a huge runed gate.
 84832 | Zot:2    | Found a huge runed gate.
 84833 | Zot:2    | Found a huge runed gate.
 84834 | Zot:2    | Found a huge runed gate.
 84843 | Zot:2    | Reached skill level 10 in Fire Magic
 84878 | Zot:2    | Found a huge runed gate.
 84886 | Zot:2    | Found a huge runed gate.
 84886 | Zot:2    | Found a huge runed gate.
 84886 | Zot:2    | Found a huge runed gate.
 84886 | Zot:2    | Found a huge runed gate.
 84886 | Zot:2    | Found a huge runed gate.
 84886 | Zot:2    | Found a huge runed gate.
 84887 | Zot:2    | Found a huge runed gate.
 84888 | Zot:2    | Found a huge runed gate.
 84889 | Zot:2    | Found a huge runed gate.
 84897 | Zot:2    | Found a huge runed gate.
 84897 | Zot:2    | Found a huge runed gate.
 84897 | Zot:2    | Found a huge runed gate.
 85329 | Zot:2    | Upgraded the game from 0.28.0-45-g0d030f2227 to
                  | 0.28.0-53-g5a82cb258f
 86758 | Zot:2    | Found a runed translucent gate.
 86758 | Zot:2    | Found a runed translucent gate.
 86759 | Zot:2    | Found a runed translucent gate.
 86781 | Zot:2    | Noticed gohu's ghost (master HOFi)
 87014 | Zot:2    | Reached XP level 25. HP: 192/221 MP: 28/44
 89608 | Zot:3    | Identified the +1 leather armour of Pride {Will+ Str+3
                  | SInv}
 90121 | Zot:3    | Noticed a Killer Klown
 90135 | Zot:3    | Killed a Killer Klown
 92623 | Zot:4    | Reached skill level 10 in Necromancy
 93105 | Zot:5    | Entered Level 5 of the Realm of Zot
 93105 | Zot:5    | Noticed a Killer Klown
 93108 | Zot:5    | Killed a Killer Klown
 93300 | Zot:5    | Reached XP level 26. HP: 92/229 MP: 8/45
 93747 | Zot:5    | Reached skill level 15 in Armour
 93750 | Zot:5    | Noticed an orb of fire
 93758 | Zot:5    | Noticed an orb of fire
 93758 | Zot:5    | Noticed a dread lich
 93759 | Zot:5    | Killed an orb of fire
 93761 | Zot:5    | Noticed a dread lich
 94315 | Zot:5    | Gained mutation: You sometimes lose the ability to read
                  | scrolls when taking damage. [an orb of fire]
 94335 | Zot:5    | Killed an orb of fire
 94392 | Zot:4    | Lost mutation: Your spells are a little harder to cast, but
                  | a little more powerful. [potion of mutation]
 94392 | Zot:4    | Lost mutation: Your system is resistant to poisons. (rPois)
                  | [potion of mutation]
 94392 | Zot:4    | Lost mutation: You sometimes lose the ability to read
                  | scrolls when taking damage. [potion of mutation]
 94392 | Zot:4    | Gained mutation: You have supernaturally acute eyesight.
                  | (SInv) [potion of mutation]
 94392 | Zot:4    | Gained mutation: Your magical capacity is low. (-10% MP)
                  | [potion of mutation]
 94393 | Zot:4    | Lost mutation: You have supernaturally acute eyesight.
                  | (SInv) [potion of mutation]
 94393 | Zot:4    | Lost mutation: Your magical capacity is low. (-10% MP)
                  | [potion of mutation]
 94393 | Zot:4    | Gained mutation: You are agile. (Dex +2) [potion of
                  | mutation]
 94393 | Zot:4    | Lost mutation: You are agile. (Dex +2) [potion of mutation]
 94393 | Zot:4    | Gained mutation: Your magical capacity is low. (-10% MP)
                  | [potion of mutation]
 94393 | Zot:4    | Gained mutation: You have supernaturally acute eyesight.
                  | (SInv) [potion of mutation]
 94394 | Zot:4    | Lost mutation: Your magical capacity is low. (-10% MP)
                  | [potion of mutation]
 94394 | Zot:4    | Lost mutation: You have supernaturally acute eyesight.
                  | (SInv) [potion of mutation]
 94394 | Zot:4    | Gained mutation: You have an increased reservoir of magic.
                  | (+10% MP) [potion of mutation]
 94897 | Zot:5    | Killed a dread lich
 94964 | Zot:5    | Noticed an orb of fire
 94971 | Zot:5    | Killed an orb of fire
 95043 | Zot:5    | Noticed an orb of fire
 95438 | Zot:5    | Killed a dread lich
 95669 | Zot:5    | Killed an orb of fire
 95874 | Hell     | Entered the Vestibule of Hell
 95874 | Hell     | Noticed Geryon
 95880 | Hell     | Killed Geryon
 96723 | Hell     | Found a gateway to the decaying netherworld of Tartarus.
 96800 | Hell     | Found a gateway to the freezing wastes of Cocytus.
 96837 | Hell     | Found a gateway to the Iron City of Dis.
 96916 | Hell     | Found a gateway to the ashen valley of Gehenna.
 97047 | Hell     | Learned a level 8 spell: Necromutation
 97067 | Coc:1    | Entered Level 1 of Cocytus
 97799 | Coc:2    | Gained mutation: Your magical and physical power is greatly
                  | enhanced at high health. [demonic ancestry]
 97799 | Coc:2    | Reached XP level 27. HP: 224/228 MP: 49/50
 99346 | Coc:4    | Paralysed by a wendigo for 1 turns
 99348 | Coc:4    | Reached skill level 1 in Maces & Flails
100095 | Coc:7    | Entered Level 7 of Cocytus
100472 | Coc:7    | Paralysed by a wendigo for 1 turns
100476 | Coc:7    | Paralysed by a wendigo for 1 turns
100783 | Coc:7    | Reached skill level 1 in Polearms
100796 | Coc:7    | HP: 11/228 [titan/bolt of lightning (8)]
101351 | Tar:1    | Entered Level 1 of Tartarus
101473 | Tar:2    | Lost strength.
101939 | Slime:1  | Entered Level 1 of the Pits of Slime
102518 | Slime:5  | Entered Level 5 of the Pits of Slime
102535 | Slime:5  | Reached skill level 10 in Transmutations
103045 | Slime:4  | Learned a level 9 spell: Fire Storm
103173 | Slime:5  | Found a viscous altar of Jiyva.
103182 | Slime:5  | Noticed the Royal Jelly
103194 | Slime:5  | Killed the Royal Jelly
103214 | Slime:5  | Got Boqoec's Grimoire of the Exiled Ears
103245 | Slime:5  | Got a slimy rune of Zot
104066 | Coc:7    | Learned a level 1 spell: Apportation
104080 | Coc:7    | Noticed Antaeus
104083 | Coc:7    | Got an icy rune of Zot
104629 | Pan      | Entered Pandemonium
105048 | Pan      | Noticed Cetatic the pandemonium lord
105053 | Pan      | Killed Cetatic the pandemonium lord
105872 | Pan      | Entered the realm of Gloorx Vloq.
107982 | Pan      | Noticed Gloorx Vloq
107990 | Pan      | Killed Gloorx Vloq
108163 | Pan      | Got a dark rune of Zot
108700 | Pan      | Reached skill level 15 in Necromancy
108803 | Pan      | Noticed Rodir the pandemonium lord
108808 | Pan      | Killed Rodir the pandemonium lord
109470 | Pan      | Found a runed translucent door.
109472 | Pan      | Found a runed translucent door.
109476 | Pan      | Found a runed translucent door.
109710 | Pan      | Found a runed translucent door.
109717 | Pan      | Noticed Sewuruf the pandemonium lord
110066 | Pan      | Killed Sewuruf the pandemonium lord
110262 | Pan      | Identified the +3 long sword of Exoneration {flame, *Slow
                  | rElec rN+ Str+3}
110268 | Depths:2 | Escaped Pandemonium
110294 | Depths:2 | Voluntarily entered the Abyss.
110591 | Abyss:3  | Found a corrupted altar of Lugonu.
110699 | Abyss:4  | Found a corrupted altar of Lugonu.
111089 | Abyss:5  | Entered Level 5 of the Abyss
111111 | Abyss:5  | Found a bloodstained altar of Trog.
111254 | Depths:2 | Escaped the Abyss
111325 | Pan      | Entered Pandemonium
111406 | Pan      | Identified the +9 shortbow of Ignis's Wrath {flame, Str+2
                  | Dex+5}
111450 | Pan      | Found a runed translucent door.
111456 | Pan      | Found a runed translucent door.
111461 | Pan      | Found a runed translucent door.
111461 | Pan      | Found a runed translucent door.
111462 | Pan      | Noticed Yxtoph the pandemonium lord
111475 | Pan      | Identified the +7 flail "Dofafuoj" {vorpal, Str+5 Int-4}
112671 | Pan      | Killed Yxtoph the pandemonium lord
112738 | Pan      | Identified the +5 flail of Exquisite Torment {venom,
                  | Fragile rPois Dex+4}
112946 | Pan      | Noticed Roor the pandemonium lord
112958 | Pan      | Killed Roor the pandemonium lord
113120 | Pan      | Got a demonic rune of Zot
114172 | Pan      | Noticed Xorphua the pandemonium lord
114435 | Pan      | Killed Xorphua the pandemonium lord
114593 | Pan      | Found an exit through the horrors of the Abyss.
115102 | Pan      | Found a runed translucent door.
115340 | Pan      | Took an exit into the Abyss.
115340 | Abyss:1  | Escaped into the Abyss
115341 | Abyss:1  | Found a corrupted altar of Lugonu.
115483 | Abyss:2  | Found a snail-covered altar of Cheibriados.
115483 | Abyss:2  | Found an opulent altar of Gozag.
115483 | Abyss:2  | Found a basalt altar of Yredelemnul.
115483 | Abyss:2  | Found a shadowy altar of Dithmenos.
115483 | Abyss:2  | Found a hazy altar of Hepliaklqana.
115483 | Abyss:2  | Found a shimmering blue altar of Sif Muna.
115483 | Abyss:2  | Found a hide-covered altar of Uskayaw.
115483 | Abyss:2  | Found an ornate altar of the Wu Jian Council.
115483 | Abyss:2  | Found an iron altar of Okawaru.
115485 | Abyss:2  | Found a shimmering altar of Xom.
115485 | Abyss:2  | Paralysed by accursed screaming for 1 turns
115492 | Abyss:2  | Found a broken altar of Ashenzari.
115492 | Abyss:2  | Found a stormy altar of Qazlal.
115494 | Abyss:2  | Found an ancient bone altar of Kikubaaqudgha.
115494 | Abyss:2  | Found a sparkling altar of Nemelex Xobeh.
115494 | Abyss:2  | Found a radiant altar of Vehumet.
115494 | Abyss:2  | Found a burning altar of Makhleb.
115496 | Abyss:2  | Found a burning altar of Makhleb.
115496 | Abyss:2  | Found a blossoming altar of Fedhas.
115496 | Abyss:2  | Found a bloodstained altar of Trog.
115545 | Abyss:2  | Found an ornate altar of the Wu Jian Council.
115572 | Abyss:2  | Found an opulent altar of Gozag.
115647 | Abyss:2  | Found an opulent altar of Gozag.
115647 | Abyss:2  | Found a basalt altar of Yredelemnul.
115647 | Abyss:2  | Found an ornate altar of the Wu Jian Council.
115650 | Abyss:2  | Found a hazy altar of Hepliaklqana.
115901 | Abyss:2  | Found a corrupted altar of Lugonu.
115928 | Abyss:2  | Found a corrupted altar of Lugonu.
116104 | Abyss:3  | Found a corrupted altar of Lugonu.
116133 | Abyss:3  | Found a corrupted altar of Lugonu.
116286 | Abyss:3  | Found an iron altar of Okawaru.
116523 | Abyss:3  | Reached skill level 15 in Fire Magic
116523 | Abyss:3  | Got an abyssal rune of Zot
116870 | Abyss:3  | Found a corrupted altar of Lugonu.
116877 | Depths:2 | Escaped the Abyss
117061 | Pan      | Entered Pandemonium
117085 | Pan      | Identified the +4 trident of Articulation {venom, Str+4}
118054 | Pan      | Noticed Lis Urea the pandemonium lord
118061 | Pan      | Killed Lis Urea the pandemonium lord
118239 | Pan      | Entered the realm of Lom Lobon.
118290 | Pan      | Reached skill level 15 in Transmutations
118616 | Pan      | Found an exit through the horrors of the Abyss.
119678 | Pan      | Noticed Lom Lobon
119820 | Pan      | Killed Lom Lobon
119996 | Pan      | Got a magical rune of Zot
120099 | Depths:2 | Escaped Pandemonium
120806 | Dis:1    | Entered Level 1 of the Iron City of Dis
121084 | Dis:4    | Noticed an ancient lich
121085 | Dis:4    | Killed an ancient lich
121085 | Dis:4    | Noticed a dread lich
121086 | Dis:4    | Killed a dread lich
121100 | Dis:4    | Noticed a juggernaut
121104 | Dis:4    | Killed a juggernaut
121111 | Dis:4    | Noticed a dread lich
121115 | Dis:4    | Killed a dread lich
121182 | Dis:4    | Noticed an ancient lich
121186 | Dis:4    | Killed an ancient lich
121187 | Dis:4    | Noticed a dread lich
121190 | Dis:4    | Killed a dread lich
121197 | Dis:4    | Noticed a dread lich
121199 | Dis:4    | Noticed a dread lich
121201 | Dis:4    | Killed a dread lich
121206 | Dis:4    | Killed a dread lich
121301 | Dis:7    | Entered Level 7 of the Iron City of Dis
121377 | Dis:7    | Killed from afar by a war gargoyle

Illustrated notes

Levels and vault maps discovered:
D:1:      amcnicky_arrival_blooded_trapdoor, layout_basic,
          basic_ecumenical_altar
D:2:      layout_loops_cross, serial_shops, shop
D:3:      layout_basic, grunt_ministairs_12, chequers_mini_garden, uniq_jessica
D:4:      layout_gridville, kennysheep_mini_moat, serial_shops, shop,
          nicolae_inconvenience_store, serial_undead, serial_undead_b,
          serial_undead_f, serial_undead_f, serial_undead_b,
          minmay_misc_feat_iff, uniq_edmund
D:5:      layout_basic, grunt_gozag_breadcrumbs
D:6:      layout_loops_ring, old_standard_altar, ebering_ghost_disaster_area,
          serial_shops, nicolae_shop_waterfront, columned_hall_lemuel
D:7:      layout_cave_pools, minmay_temple_entry_glass, uniq_crazy_yiuf_cottage
D:8:      layout_rooms, ebering_ghost_gozag, uniq_maggie
D:9:      layout_rooms, nicolae_yredelemnul_corpse_copse, zombieorc2_lemuel
D:10:     layout_basic, mainiacjoe_overflow_brackets,
          mainiacjoe_overflow_alcove_1, david_lair_shrubbed
D:11:     layout_stronghold
D:12:     layout_stronghold
D:13:     layout_basic, hangedman_vaults_entry_quadrant_bands, serial_shops,
          shop, vehumet_altar_wand_db
D:14:     layout_basic, hangedman_abyss_or_decor_passed, serial_bayou,
          serial_bayou_ford_a, serial_bayou_pond_b, serial_bayou_pond_b,
          serial_bayou_pond_b, lemuel_zombie_altar_kikubaaqudgha, uniq_kirke
D:15:     hangedman_depths_entry_try_elsewhere_first, layout_irregular_city,
          amcnicky_mini_pool_small
Temple:   kb_temple_of_zot
Lair:1:   layout_chaotic_city, nicolae_lair_lil_pond, uniq_urug
Lair:2:   layout_regular_city, grunt_megastairs_1, infiniplex_staircase_pool
Lair:3:   layout_long_grid, minmay_snake_entry_guardpost_medium
Lair:4:   layout_cave_pods, minmay_shoals_entry_hut, serial_forest,
          infiniplex_forest_fountain, infiniplex_forest_clump_cross,
          infiniplex_forest_clump_small, infiniplex_forest_zigzag_1,
          infiniplex_forest_straight_2, infiniplex_forest_clump_small,
          serial_bayou_pond_b, uniq_nergalle
Lair:5:   layout_hall_layers, ebering_ghost_reflecting_pool
Lair:6:   minmay_lair_end_enchanted_forest, layout_gridlike, slime_altar_1,
          ice2_lemuel, grunt_megastairs_4, uniq_josephine
Shoals:1: layout_shoals, nicolae_shoals_lost_giant_temple
Shoals:2: layout_shoals, uniq_aizul, uniq_ilsuiw
Shoals:3: layout_shoals, serial_shops, shop, nicolae_shoals_sun_and_surf
Shoals:4: shoals_end_grunt_ice, layout_shoals, nicolae_shoals_mertower
Snake:1:  cheibrodos_snake_ritualist_ritual, layout_cave_shapes, serial_shops,
          nicolae_take_the_stairs, drop_trap
Snake:2:  layout_layer_cave, gammafunk_ghost_cemetery, minmay_shop_grove
Snake:3:  layout_gridlike, serial_shops, shop, uniq_vashnia
Snake:4:  grunt_snake_rune_pools, layout_chambers, nicolae_shop_firing_range,
          uniq_nikola
Slime:1:  layout_caves
Slime:2:  layout_caves, cheibrodos_slime_lost_civilization_7
Slime:3:  layout_caves
Slime:4:  layout_caves
Slime:5
Orc:1:    layout_caves
Orc:2:    grunt_orc_community_town_hall, layout_caves,
          grunt_orc_community_big_house_2, grunt_orc_community_big_house_1,
          grunt_orc_community_house_1, grunt_orc_community_house_3,
          grunt_orc_community_house_1, grunt_orc_community_house_2,
          grunt_orc_community_house_3, grunt_orc_community_house_1, uniq_nessos,
          uniq_saint_roka
Elf:1:    minmay_elf_arrival_plus, layout_rooms, basic_altar, minivault_28
Elf:2:    elven_hall_of_blades_hangedman_original
          [nicolae_blade_entry_hurt_lockers], layout_geoelf_grid, nicolae_wwwww,
          uniq_jorgrun
Elf:3:    minmay_elf_hall_hex, layout_onion_city, uniq_roxanne
Vaults:1: v_misc_16, nicolae_vaults_asterisk, vaults_standard_mumra_x,
          hangedman_vaults_capsules, v_misc_12, vaults_room_door_hall,
          nicolae_vaults_little_ls, v_misc_14, v_misc_22,
          grunt_vaults_hallway_short, vaults_room_pools,
          layout_vaults_omnicross, serial_glass, uniq_donald
Vaults:2: hangedman_vaults_impose, minmay_crypt_entry_simple_plaza,
          nicolae_vaults_circle_grid_a, dpeg_vaults_monster_box,
          layout_vaults_big_room, uniq_boris
Vaults:3: gammafunk_ghost_crypt, nicolae_vaults_what_the_h, vaults_room_corners,
          v_misc_13, vaults_room_grid, v_misc_29, nicolae_vaults_bisected_slash,
          nicolae_vaults_yaktaur_gun_rack, vaults_room_pools,
          layout_vaults_omnigrid, serial_shops, shop
Vaults:4: nicolae_vaults_minivaults, v_misc_33, v_alt_pattern_2,
          grunt_vaults_bifocal, hangedman_vaults_corner, vaults_mumra_hex,
          vaults_dpeg_spiral, grunt_vaults_twisty, v_rooms_5, vaults_room_pool,
          ontoclasm_vaults_pinch, nicolae_vaults_shelves_hall,
          layout_vaults_ring, uniq_sojobo
Vaults:5: uniq_mennas
Crypt:1:  layout_chaotic_city, basic_altar, grunt_crypt_arrival_guarded_gate,
          roderic_lattice_octagonal_star, uniq_margery
Crypt:2:  layout_regular_city, gammafunk_ghost_fury_of_okawaru,
          nicolae_elevator_lobby_asterisk
Crypt:3:  cryptofortress_bobbens, uniq_jory
Depths:1: layout_long_grid, serial_sigils_hangedman_stare,
          hangedman_coc_ice_floe, hellmonk_ghost_happy_afterlife,
          ashenzari_conservatory_becter, minmay_shoptagon, serial_bayou_shore_b
Depths:2: minmay_shrinking_squares, layout_gridville,
          pf_vacation_house_of_asmodeus, abyss_entry_small_statue_room,
          rand_demon_pan_entry_4, minmay_staircase_windowed_small,
          grunt_megastairs_5, serial_bayou_shore_a, minmay_shop_star,
          firewood_loft
Depths:3: dreamdust_experimentation, layout_small_grid, serial_shops,
          statue_bzr, minmay_misc_feat_secret_circle, marbit_kobold_abyss_entry,
          grunt_hell_entry_dis_mu, minmay_misc_feat_plants,
          nicolae_uskayaw_dance_hall, minmay_staircase_statues_hall_small,
          serial_bayou_shore_b
Depths:4: evilmike_zot_entry_argh, layout_cave_pools, enter_ziggurat_e,
          serial_sigils, serial_sigils_hangedman_carve,
          serial_sigils_hangedman_leer, serial_sigils_hangedman_gut,
          serial_sigils_hangedman_scratch, hell_entry, rand_demon_pan_entry_1
Hell
Dis:1:    layout_gridville
Dis:2:    layout_subdivisions
Dis:3:    nicolae_dis_heavy_handed_symbolism
Dis:4:    hangedman_iron_city_apartments
Dis:5:    layout_subdivisions
Dis:6:    layout_gridville, not_door_vault_mu
Dis:7:    dis_hangedman
Coc:1:    layout_ice_bergs, serial_ice, serial_ice_l, serial_ice_m, serial_ice_b
Coc:2:    layout_ice_bergs
Coc:3:    nicolae_coc_on_the_berg
Coc:4:    layout_ice_bergs
Coc:5:    layout_ice_bergs
Coc:6:    layout_cocytus_delve
Coc:7:    coc_old
Tar:1:    layout_grid_maze
Tar:2:    layout_cathedral_of_symmetry
Zot:1:    layout_misc_corridors
Zot:2:    kennysheep_blocky_room, layout_twisted_circle,
          gammafunk_ghost_tricky_traps, grunt_ministairs_12, door_vault
Zot:3:    layout_cathedral_of_symmetry, st_large_dragon_hoard_1
Zot:4:    layout_cellular_growth, grunt_ministairs_4
Zot:5:    layout_gridlike

Skill      XL: |  1  2  3  4  5  6  7  8  9 10 11 12 13 14 15 16 17 18 19 20 21 22 23 24 25 26 27 |
---------------+----------------------------------------------------------------------------------+-----
Transmutations | 1 2 3 4 5 6 7 9 15 | 15.0
Fighting       | 1 2 3 5 6 8 10 12 13 14 15 17 18 19 20 21 22 23 24 | 24.0
Earth Magic    | 3 4 5 6 7 8 9 10 11 12 13 15 17 18 21 | 21.0
Armour         | 1 2 3 5 6 7 8 9 10 11 12 13 14 15 | 15.0
Conjurations   | 1 2 3 4 6 7 8 9 10 11 12 13 14 15 17 | 17.3
Spellcasting   | 3 4 6 7 8 9 10 11 12 13 14 15 16 17 18 19 24 | 24.0
Shields        | 3 6 8 9 10 11 12 13 14 15 16 17 18 19 21 | 21.0
Fire Magic     | 2 3 4 6 7 8 9 10 11 12 17 | 17.1
Dodging        | 3 |  3.0
Stealth        | 3 |  3.0
Necromancy     | 5 8 9 10 12 21 | 21.0
Maces & Flails | 4 |  4.7
Polearms       | 1 |  1.3

Action                   |  1- 3 |  4- 6 |  7- 9 | 10-12 | 13-15 | 16-18 | 19-21 | 22-24 | 25-27 || total
-------------------------+-------+-------+-------+-------+-------+-------+-------+-------+-------++-------
Melee: Unarmed           |    14 |       |       |       |     2 |       |       |       |       ||    16
       Dagger            |    52 |       |       |       |       |       |       |       |       ||    52
       Punch             |     3 |     1 |     2 |     7 |       |       |       |       |       ||    13
       Hand axe          |     9 |    92 |   214 |   191 |   272 |     8 |       |       |       ||   786
       Tailslap          |       |       |    44 |    42 |    56 |    24 |    62 |    39 |   147 ||   414
       Trident           |       |       |       |       |       |   115 |       |    35 |   459 ||   609
       Morningstar       |       |       |       |       |       |    19 |   217 |   109 |   102 ||   447
 Cast: Sandblast         |    35 |    21 |    22 |    62 |    50 |   133 |    21 |     3 |       ||   347
       Stone Arrow       |     1 |     8 |    92 |   267 |   446 |    29 |    16 |     2 |     2 ||   863
       Static Discharge  |       |       |     2 |    19 |   121 |       |       |       |       ||   142
       Lightning Bolt    |       |       |       |    10 |     5 |       |       |       |       ||    15
       Passwall          |       |       |       |     3 |       |     1 |     1 |     2 |    10 ||    17
       Freezing Cloud    |       |       |       |       |    41 |   103 |    95 |    24 |    15 ||   278
       Fireball          |       |       |       |       |     5 |       |       |       |       ||     5
       Iron Shot         |       |       |       |       |    95 |   276 |   306 |   331 |   625 ||  1633
       Olgreb's Toxic Ra |       |       |       |       |    57 |     5 |       |       |       ||    62
       Orb of Destructio |       |       |       |       |    12 |   139 |    48 |       |       ||   199
       Starburst         |       |       |       |       |     2 |    21 |    10 |     3 |       ||    36
       Iskenderun's Myst |       |       |       |       |       |       |    57 |    50 |     2 ||   109
       Borgnjor's Vile C |       |       |       |       |       |       |   142 |   258 |   580 ||   980
       Lehudib's Crystal |       |       |       |       |       |       |       |    13 |    68 ||    81
       Shatter           |       |       |       |       |       |       |       |    25 |   221 ||   246
       Ignition          |       |       |       |       |       |       |       |    10 |   233 ||   243
       Necromutation     |       |       |       |       |       |       |       |       |   189 ||   189
       Fire Storm        |       |       |       |       |       |       |       |       |    54 ||    54
       Apportation       |       |       |       |       |       |       |       |       |     2 ||     2
 Abil: End Transformatio |       |       |       |       |       |       |       |       |     7 ||     7
Evoke: Wand              |       |       |       |    13 |     4 |     5 |       |     1 |     3 ||    26
  Use: Scroll            |       |     5 |     6 |     6 |    16 |     6 |     4 |     9 |    18 ||    70
       Potion            |       |       |       |     3 |     5 |     6 |       |    17 |    31 ||    62
 Stab: Sleeping          |     2 |     2 |     2 |     1 |     1 |     1 |     1 |     1 |       ||    11
       Paralysed         |       |       |       |       |    23 |    17 |    45 |    29 |    77 ||   191
       Distracted        |       |       |       |       |       |       |       |       |     2 ||     2
Armor: Robe              |    11 |       |    45 |   298 |   349 |   156 |       |    23 |   286 ||  1168
       Leather armour    |    13 |    43 |   113 |       |       |     7 |   141 |    76 |   163 ||   556
       Troll leather arm |       |       |       |       |       |       |       |       |    12 ||    12
Dodge: Dodged            |    57 |    74 |   238 |   349 |   353 |   164 |   152 |   137 |   414 ||  1938
Block: Buckler           |       |       |       |    30 |   365 |   116 |       |       |       ||   511
       Reflection        |       |       |       |       |    14 |    63 |    77 |    25 |    58 ||   237
       Kite shield       |       |       |       |       |       |   185 |   384 |   266 |  1169 ||  2004
